General information
- name: BNet
- type: Ladder team game (AT/RT)
- host: Battle.net
- saver: iNt.sPRee
map: SunrockCove
- players: 6
- length: 05:43
- speed: Fast
- version: 1.26 W3XP
- replay type: Public
» download(35 KB)
Players
team 1 (loser)
2.ez. (
pink | 49 APM | 268 actions | 05:28)
2 Blademaster
1 Wind Walk
1 Critical Strike
» actions
| Build / train | 26 | |
| Enter build submenu | 12 | |
| Enter hero's abilities submenu | 2 | |
| Right click | 100 | |
| Select / deselect | 99 | |
| Use ability | 29 | |
268 total
» units
» buildings
| Altar of Storms | 1 | |
| Orc Burrow | 5 | |
| Barracks | 1 | |
| War Mill | 1 | |
| Voodoo Lounge | 2 | |
10 total
» build order
00:10 Altar of Storms
00:12 Orc Burrow
00:34 Barracks
01:43 Orc Burrow
02:28 War Mill
02:54 Voodoo Lounge
02:59 Voodoo Lounge
03:50 Orc Burrow
04:14 Orc Burrow
05:02 Orc Burrow
4E.FiRe (
orange | 53 APM | 294 actions | 05:35)
2 Death Knight
1 Death Coil
1 Unholy Aura
» actions
| Build / train | 18 | |
| Enter build submenu | 6 | |
| Enter hero's abilities submenu | 2 | |
| Right click | 92 | |
| Select / deselect | 165 | |
| Use ability | 11 | |
294 total
» units
| Acolyte | 2 | |
| Ghoul | 3 | |
| Crypt Fiend | 6 | |
11 total
» buildings
| Crypt | 1 | |
| Ziggurat | 2 | |
| Graveyard | 1 | |
| Altar of Darkness | 1 | |
| Tomb of Relics | 1 | |
| Nerubian Tower | 1 | |
| Halls of the Dead | 1 | |
8 total
» build order
00:08 Crypt
00:16 Ziggurat
00:33 Graveyard
00:50 Altar of Darkness
01:13 Ziggurat
01:37 Tomb of Relics
01:41 Nerubian Tower
05:27 Halls of the Dead
» items
| Rod of Necromancy | 1 | |
| Dust of Appearance | 1 | |
2 total
godzilla_5000 (
yellow | 149 APM | 850 actions | 05:41)
1 Priestess of the Moon
1 Searing Arrows
» actions
| Assign group hotkey | 7 | |
| Basic commands | 113 | |
| Build / train | 30 | |
| Enter build submenu | 12 | |
| Enter hero's abilities submenu | 2 | |
| Remove unit from queue | 2 | |
| Right click | 385 | |
| Select / deselect | 211 | |
| Select group hotkey | 23 | |
| Use ability | 65 | |
850 total
» units
» buildings
| Altar of Elders | 1 | |
| Moon Well | 5 | |
| Hunter's Hall | 1 | |
| Ancient of War | 2 | |
| Ancient of Wonders | 1 | |
10 total
» build order
00:06 Altar of Elders
00:11 Moon Well
01:29 Hunter's Hall
01:52 Ancient of War
02:24 Ancient of War
02:26 Moon Well
02:56 Ancient of Wonders
03:29 Moon Well
03:34 Moon Well
04:10 Moon Well
team 2 (winner)
iNt.sPRee (
purple | 59 APM | 340 actions | 05:43)
2 Goblin Tinker
1 Pocket Factory
1 Engineering Upgrade
» actions
| Assign group hotkey | 49 | |
| Basic commands | 5 | |
| Build / train | 20 | |
| ESC pressed | 1 | |
| Enter build submenu | 6 | |
| Enter hero's abilities submenu | 3 | |
| Right click | 130 | |
| Select / deselect | 57 | |
| Select group hotkey | 58 | |
| Use ability | 11 | |
340 total
» units
» buildings
| Crypt | 2 | |
| Ziggurat | 3 | |
| Altar of Darkness | 1 | |
6 total
» build order
00:08 Crypt
00:11 Ziggurat
00:36 Crypt
00:55 Ziggurat
01:28 Altar of Darkness
03:59 Ziggurat
» items
| Dust of Appearance | 1 | |
| Boots of Speed | 1 | |
2 total
KermitBossFrog (
green | 48 APM | 272 actions | 05:42)
2 Goblin Tinker
1 Pocket Factory
1 Engineering Upgrade
» actions
| Assign group hotkey | 34 | |
| Basic commands | 5 | |
| Build / train | 24 | |
| Enter build submenu | 9 | |
| Enter hero's abilities submenu | 2 | |
| Right click | 90 | |
| Select / deselect | 55 | |
| Select group hotkey | 41 | |
| Use ability | 12 | |
272 total
» units
» buildings
| Crypt | 2 | |
| Ziggurat | 4 | |
| Altar of Darkness | 1 | |
7 total
» build order
00:11 Crypt
00:14 Ziggurat
00:41 Crypt
00:59 Ziggurat
01:34 Altar of Darkness
02:46 Ziggurat
03:38 Ziggurat
transporter4 (
red | 33 APM | 186 actions | 05:42)
3 Pandaren Brewmaster
2 Breath of Fire
1 Drunken Brawler
» actions
| Assign group hotkey | 12 | |
| Basic commands | 1 | |
| Build / train | 21 | |
| ESC pressed | 4 | |
| Enter build submenu | 12 | |
| Enter hero's abilities submenu | 3 | |
| Right click | 48 | |
| Select / deselect | 63 | |
| Select group hotkey | 11 | |
| Use ability | 11 | |
186 total
» units
» buildings
| Crypt | 2 | |
| Ziggurat | 4 | |
| Nerubian Tower | 1 | |
| Altar of Darkness | 1 | |
8 total
» build order
00:11 Crypt
00:13 Ziggurat
00:40 Crypt
00:58 Ziggurat
01:52 Nerubian Tower
02:08 Altar of Darkness
05:18 Ziggurat
05:21 Ziggurat
Chat log
(00:02 / Allies) iNt.sPRee: we shit the bed
(00:15 / Allies) iNt.sPRee: by not vetoing this map
(00:16 / Allies) iNt.sPRee: for ghoul rush
(00:28 / Allies) iNt.sPRee: oh well
(00:31 / Allies) iNt.sPRee: its gonna be a long ass walk
(00:33 / Allies) iNt.sPRee: well mass a ltitle longer
(00:38 / Allies) iNt.sPRee: before hitting
(00:49 / All) iNt.sPRee: which one of you turds is hacking this time
(00:49 / All) iNt.sPRee: rofl
(00:58 / All) iNt.sPRee: clan dayd noobs
(01:12 / All) 2.ez.: LAWL i know rigght
(01:23 / All) 2.ez.: so bad
(01:41 / Allies) iNt.sPRee: bm is gonna be on sean
(01:47 / Allies) iNt.sPRee: what are you doing
(01:50 / Allies) iNt.sPRee: put that ghoul back onw ood
(01:54 / Allies) iNt.sPRee: also share
(02:20 / Allies) iNt.sPRee: ok send
(02:34 / Allies) iNt.sPRee: meet mid
(02:41 / Allies) iNt.sPRee: well go to the orc
(02:43 / Allies) iNt.sPRee: tinkers
(02:57 / Allies) iNt.sPRee: a bser
(03:05 / Allies) iNt.sPRee: you hvae 2 seconds to get ur hero
(03:11 / Allies) iNt.sPRee: and im turning tiehack on and minimizing
(03:16 / Allies) iNt.sPRee: get the burrows
(03:49 / Allies) iNt.sPRee: attack move
(03:53 / Allies) iNt.sPRee: dotn let htem hero focus u
(04:01 / Allies) KermitBossFrog: get dk if ur near it
(05:06 / All) transporter4: thanks
(05:08 / All) transporter4: refreshing
(05:30 / All) iNt.sPRee: shit clan
(05:34 / All) iNt.sPRee: cyu there in a second
(05:38 / All) KermitBossFrog: retard 40%ers